 Dungeon Crawl Stone Soup version 0.23-a0-307-gc3b755d (webtiles) character file.

485 namelastname112 the Slasher (level 6, -9/52 HPs)
             Began as a Draconian Gladiator on Oct 10, 2018.
             Was an Initiate of Okawaru.
             Killed from afar by Dowan (15 damage)
             ... with a shard of ice
             ... on level 4 of the Dungeon.
             The game lasted 00:05:54 (3806 turns).

namelastname112 the Slasher (Draconian Gladiator)   Turns: 3806, Time: 00:05:55

Health: -9/52      AC:  7    Str: 16    XL:     6   Next: 88%
Magic:  6/6        EV: 14    Int:  9    God:    Okawaru [......]
Gold:   151        SH:  0    Dex: 14    Spells: 5/5 levels left

rFire    . . .     SeeInvis .   a - +0 long sword
rCold    . . .     Gourm    .   (no shield)
rNeg     . . .     Faith    .   (armour unavailable)
rPois    .         Spirit   .   b - +0 hat
rElec    .         Reflect  .   (no cloak)
rCorr    +         Harm     .   p - +0 pair of gloves
MR       .....                  (no boots)
Stlth    +.........             (no amulet)
HPRegen  0.17/turn              (no ring)
MPRegen  0.10/turn              h - ring of resist corrosion

@: no status effects
A: unfitting armour, cold-blooded, AC +6
a: Renounce Religion


You were on level 4 of the Dungeon.
You worshipped Okawaru.
Okawaru was noncommittal.
You were not hungry.

You visited 1 branch of the dungeon, and saw 4 of its levels.

You collected 151 gold pieces.

Inventory:

Hand Weapons
 a - a +0 long sword (weapon)
Missiles
 c - 2 throwing nets (quivered)
Armour
 b - a +0 hat (worn)
 p - a +0 pair of gloves (worn)
Jewellery
 g - an uncursed ring of ice
 h - a ring of resist corrosion (right hand)
Scrolls
 f - a scroll of random uselessness {unknown}
 i - a scroll of fog {unknown}
 j - 5 scrolls of teleportation {unknown}
 k - a scroll of enchant armour {unknown}
 l - a scroll of amnesia {unknown}
 m - 3 scrolls of identify {unknown}
 n - 2 scrolls of magic mapping {unknown}
 t - a scroll of remove curse {unknown}
 v - a scroll of enchant weapon {unknown}
Potions
 e - a potion of lignification
 o - a potion of curing
 q - 2 potions of haste
 r - a potion of mutation {unknown}
 s - 2 potions of flight {unknown}
Comestibles
 d - 7 rations


   Skills:
 + Level 4.0 Fighting
 * Level 5.3 Long Blades
 + Level 3.3 Throwing
 + Level 3.9 Dodging
 + Level 1.3 Invocations


You had 5 spell levels left.
You didn't know any spells.
Your spell library contained the following spells:

 Spells                   Type           Power        Failure   Level  Hunger
 Confusing Touch          Hex            #.....       38%         1    ##.....
 Confuse                  Hex            #.......     77%         3    ####...
 Gell's Gravitas          Tloc           #.........   77%         3    ####...
 Petrify                  Tmut/Erth      #.......     99%         4    #####..
 Metabolic Englaciation   Hex/Ice        #.........   100%        5    ######.
 Yara's Violent Unravell  Hex/Tmut       #.........   100%        5    ######.


Dungeon Overview and Level Annotations

Branches:
Dungeon (4/15)             Temple (0/1) D:4

Altars:
Cheibriados
Fedhas
Gozag
Okawaru

Annotations:
D:4 Dowan


Innate Abilities, Weirdness & Mutations

Your plain brown scales are hard. (AC +6)
You cannot fit into any form of body armour.
You are cold-blooded and may be slowed by cold attacks.


Message History

Duvessa is almost dead.
Duvessa hits you with a short sword.
Dowan casts a spell at Duvessa.
Duvessa seems to speed up.
You take 4 damage, and have 22/52 hp.
You hit Duvessa.
You kill Duvessa!
Okawaru accepts your kill.
Dowan seems overcome with grief, but rights himself reflexively soon after.
Dowan seems to find hidden reserves of power!
Your Fighting skill increases to level 4!
Your Invocations skill increases to level 1!
Dowan casts a spell at you. The shard of ice hits you!
* * * LOW HITPOINT WARNING * * *
You take 21 damage, and have 1/52 hp.
MASSIVE DAMAGE!!
It was a potion of curing.
You feel better. Dowan gestures at you while chanting.
The shard of ice hits you!
You die...

.....##.##.##
.##..#.......
####.......... #
##.#.)⌠...⌠..
#..#.........
#.......>....
##..#.........#
#...#..⌠...⌠..###
#.............)@#
##..#.........#.##
#####.##.##.##..###
#.##..........###
#.###.....e.....##
#................##
##................##
##................##
#..................


You could see Dowan.

Vanquished Creatures
  Duvessa (D:4)
  A bullfrog (D:3)
  The ghost of Amnesiac the Ducker, a weakling DEFi (D:3)
  A gnoll shaman (D:3)
  An iguana (D:4)
  Natasha (D:4)
  3 gnolls
  10 adders
  2 worms (D:2)
  3 dart slugs
  4 leopard geckos
  An orc (D:3)
  A ball python (D:2)
  6 bats
  6 giant cockroaches
  12 hobgoblins
  2 jackals (D:3)
  6 frilled lizards
  7 goblins
  11 kobolds
  7 rats
  A fungus (D:1)
88 creatures vanquished.

Notes
Turn   | Place    | Note
-------+----------+-------------------------------------------
     0 | D:1      | namelastname112 the Draconian Gladiator began the quest for
                  | the Orb.
     0 | D:1      | Reached XP level 1. HP: 17/17 MP: 1/1
   192 | D:1      | Reached XP level 2. HP: 20/25 MP: 2/2
   839 | D:1      | Reached XP level 3. HP: 30/30 MP: 3/3
  1633 | D:2      | Reached XP level 4. HP: 37/37 MP: 4/4
  1674 | D:2      | Reached skill level 4 in Long Blades
  2107 | D:3      | Found a blossoming altar of Fedhas.
  2145 | D:3      | Reached XP level 5. HP: 41/45 MP: 5/5
  2381 | D:3      | Found a runed door.
  2386 | D:3      | Noticed Amnesiac's ghost (weakling DEFi)
  2421 | D:3      | Killed Amnesiac's ghost
  2421 | D:3      | Reached XP level 6. HP: 19/51 MP: 6/6
  2646 | D:3      | Found an iron altar of Okawaru.
  2661 | D:3      | Became a worshipper of Warmaster Okawaru
  2672 | D:3      | Found a snail-covered altar of Cheibriados.
  2761 | D:3      | Found an opulent altar of Gozag.
  3524 | D:4      | Noticed Natasha
  3536 | D:4      | Killed Natasha
  3536 | D:4      | Reached skill level 5 in Long Blades
  3649 | D:4      | Found a staircase to the Ecumenical Temple.
  3694 | D:4      | Noticed Duvessa
  3799 | D:4      | Noticed Dowan
  3805 | D:4      | Killed Duvessa
  3805 | D:4      | Reached skill level 1 in Invocations
  3805 | D:4      | HP: 1/52 [Dowan/shard of ice (21)]
  3806 | D:4      | Killed from afar by Dowan

Vault maps used:
D:1:      dpeg_cavernosity, supply_closet_lemuel
D:2:      kennysheep_generic_room_4
D:3:      kennysheep_big_flooded_room, overflow_temple_1_default,
          okawaru_altar_gauntlet_db, nicolae_overflow_crystal_walls,
          lemuel_crystal_altar, ebering_ghost_sewer_d, serial_forest,
          infiniplex_forest_straight_3, infiniplex_forest_clump_double,
          infiniplex_forest_clump_double, infiniplex_forest_clump_C,
          infiniplex_forest_clump_small, infiniplex_forest_clump_medium,
          infiniplex_forest_clump_small, infiniplex_forest_clump_curved,
          small_statue_intersection
D:4:      minmay_temple_entry_large_hall, uniq_natasha, uniq_duvessa

Skill      XL: |  1  2  3  4  5  6 |
---------------+-------------------+-----
Throwing       | 2 3 |  3.3
Dodging        | 3 |  3.9
Long Blades    | 4 5 |  5.3
Fighting       | 3 4 |  4.0
Invocations    | 1 |  1.3

Action                   |  1- 3 |  4- 6 || total
-------------------------+-------+-------++-------
Melee: Long sword        |   103 |   157 ||   260
       Tailslap          |    18 |    40 ||    58
Throw: Throwing net      |       |     1 ||     1
  Use: Potion            |       |     2 ||     2
 Stab: Sleeping          |     2 |     3 ||     5
       Distracted        |     1 |       ||     1
  Eat: Chunk             |     2 |     1 ||     3
       Ration            |       |     2 ||     2
Armor: Skin              |    27 |    42 ||    69
Dodge: Dodged            |    66 |   123 ||   189
       Rpst.: Long sword |    27 |    30 ||    57

Table legend:
 A = Non-vault XP
 B = Vault XP
 C = Vault XP percentage of total XP
 D = Non-vault monster count
 E = Vault monster count
 F = Vault count percentage of total count
                 A         B        C        D         E       F
            +---------+---------+-------+---------+---------+-------
      Total |     341 |     353 |  50.9 |      68 |      19 |  21.8
            +---------+---------+-------+---------+---------+-------
        D:1 |      32 |       9 |  22.0 |      19 |       4 |  17.4
        D:2 |     127 |       4 |   3.1 |      28 |       2 |   6.7
        D:3 |     105 |     162 |  60.7 |      17 |      11 |  39.3
        D:4 |      77 |     178 |  69.8 |       4 |       2 |  33.3
            +---------+---------+-------+---------+---------+-------
